 Dungeon Crawl Stone Soup version 0.30-a0-371-gad7725a93e (webtiles) character file.

Game seed: 4273627703678547692

1684 experimilk the Destroyer (level 8, -1/57 HPs)
             Began as a Black Draconian Conjurer on Nov 20, 2022.
             Was an Initiate of Hepliaklqana.
             Slain by an orc warrior
             ... wielding a +0 halberd
              (5 damage)
             ... on level 7 of the Dungeon.
             The game lasted 00:17:25 (8812 turns).

experimilk the Destroyer (Black Draconian Conjurer) Turns: 8812, Time: 00:17:25

Health: -1/57      AC:  8    Str: 10    XL:     8   Next: 71%
Magic:  23/23      EV: 12    Int: 20    God:    Hepliaklqana [......]
Gold:   1439       SH:  0    Dex: 12    Spells: 9/16 levels left

rFire   . . .      SeeInvis .    c - +0 trident
rCold   + . .      Faith    .    (no shield)
rNeg    . . .      Spirit   .    (body armour unavailable)
rPois   +          Reflect  .    (helmet restricted)
rElec   +          Harm     .    (no cloak)
rCorr   .          Rampage  .    l - +0 pair of gloves
Will    .....                    h - +0 pair of boots
Stlth   ++........               (no amulet)
HPRegen 0.29/turn                q - ring "Teqoun" {Wiz +Blink rPois rC+ Dex+2}
MPRegen 0.18/turn                v - ring of magical power

@: hasted, very quick
A: breathe lightning, AC +6, unfitting armour, electricity resistance,
cold-blooded
a: Breathe Lightning, Renounce Religion, Evoke Blink


You were on level 7 of the Dungeon.
You worshipped Hepliaklqana.
Hepliaklqana was noncommittal.
You visited 2 branches of the dungeon, and saw 8 of its levels.

You collected 1439 gold pieces.

Inventory:

Hand Weapons
 c - a +0 trident (weapon)
 d - a +1 dagger
Armour
 h - a +0 pair of boots (worn)
 k - a +0 kite shield
 l - a +0 pair of gloves (worn)
Jewellery
 g - a ring of poison resistance
 j - a ring of flight
 q - the ring "Teqoun" (left hand) {Wiz +Blink rPois rC+ Dex+2}
   (You acquired it on level 4 of the Dungeon)

   [ring of wizardry]

   It improves your spell success rate.
   Dex:       It affects your dexterity (+2).
   rC:        It protects you from cold.
   rPois:     It protects you from poison.
   +Blink:    It lets you blink.
 t - an amulet of guardian spirit
 v - a ring of magical power (right hand)
 B - a ring of positive energy
 C - a ring of wizardry
Wands
 r - a wand of digging (6)
 x - a wand of paralysis (6)
Scrolls
 b - a scroll of fear
 e - a scroll of magic mapping
 s - a scroll of noise {unknown}
 u - 2 scrolls of vulnerability
 w - a scroll of torment {unknown}
 y - a scroll of blinking
 z - a scroll of teleportation
Potions
 a - a potion of magic
 m - 2 potions of flight
 n - 2 potions of brilliance
 o - 4 potions of might
 p - 5 potions of mutation
 A - a potion of degeneration {unknown}
 D - 2 potions of haste
 E - a potion of heal wounds {unknown}


   Skills:
 - Level 1.7 Dodging
 - Level 1.7 Stealth
 + Level 4.5 Spellcasting
 - Level 11.0 Conjurations


You had 9 spell levels left.
You knew the following spells:

 Your Spells              Type           Power      Damage    Failure   Level
a - Magic Dart            Conj           100%       1d8       1%          1
x - Iskenderun's Mystic   Conj/Tloc      26%        2d7       5%          4
z - Searing Ray           Conj           96%        2d7       1%          2

Your spell library contained the following spells:

 Spells                   Type           Power      Damage    Failure   Level
 Dazzling Flash           Conj/Hex       52%        N/A       1%          3
 Fulminant Prism          Conj/Hex       13%        3d8       5%          4


Dungeon Overview and Level Annotations

Branches:
Dungeon (7/15)             Temple (1/1) D:5

Altars:
Ashenzari
Cheibriados
Dithmenos
Elyvilon
Hepliaklqana
Kikubaaqudgha
Makhleb
Nemelex Xobeh
Okawaru
Qazlal
Ru
Sif Muna
Trog
Uskayaw
Xom
Yredelemnul
Zin

Annotations:
D:3 2 transporters, Manisia's ghost, amateur TeWn


Innate Abilities, Weirdness & Mutations

You can breathe wild blasts of lightning.
Your glossy black scales are hard. (AC +6)
You cannot fit into any form of body armour.
You are resistant to electric shocks. (rElec)
You are cold-blooded and may be slowed by cold attacks.


Message History

Unknown command.
You are too confused!
The orc warrior hits you from afar with a +0 halberd.
* * * LOW HITPOINT WARNING * * *
The orc warrior barely misses you. Something hits you but does no damage.
Okay, then.
You feel less invigorated.
The orc warrior hits you from afar with a +0 halberd.
* * * LOW HITPOINT WARNING * * *
You hear some strange, mumbled words.
Something tries to affect you, but you resist.
An orc wizard appears from thin air!
Reactivating autopickup.
The orc wizard hits you but does no damage. x2
You barely miss the orc wizard.
Your tail-slap misses the orc wizard.
The orc wizard is severely wounded.
The orc warrior closely misses you. The orc wizard misses you.
The orc warrior hits you from afar with a +0 halberd!
* * * LOW HITPOINT WARNING * * *
The orc wizard hits you with a +2 dagger of speed.
* * * LOW HITPOINT WARNING * * *
You're too confused to cast spells.
Press: ? - help, v - describe, . - travel The floor, spattered with blood.
Unknown command.
Unknown command.
Unknown command.
Unknown command.
Unknown command.
You feel better. The orc wizard barely misses you.
The orc warrior barely misses you.
You feel better.
The orc wizard hits you but does no damage.
The orc warrior hits you from afar with a +0 halberd!
* * * LOW HITPOINT WARNING * * *
The orc wizard barely misses you.
It was a potion of haste.
You feel yourself speed up.
The orc wizard hits you but does no damage.
The orc warrior hits you from afar with a +0 halberd.
You die...

#...####.#.<#
#...# ##....#
########....##
#......#.####
#........####
#...........#
#...........#
#.......oo..#
#.........@.#
####..#######
#...## #)###
.. #. .> ##


You could see an orc warrior and an orc wizard.

Vanquished Creatures
  A troll (D:7)
  Prince Ribbit (D:5)
  A water moccasin (D:5)
  An ice beast (D:6)
  A centaur (D:5)
  An ogre (D:4)
  A bullfrog (D:7)
  A necrophage (D:6)
  A water moccasin zombie (D:6)
  A centaur zombie (D:6)
  A bullfrog zombie (D:6)
  3 hounds
  A jelly (D:4)
  2 bullfrog skeletons (D:6)
  2 orc priests
  A centaur skeleton (D:6)
  3 iguanas
  3 orc wizards
  2 gnolls (D:6)
  9 adders
  3 shadow imps
  A white imp (D:4)
  2 ufetubi
  A worm (D:2)
  A dart slug (D:3)
  20 orcs
  8 ball pythons
  2 bats (D:1)
  8 endoplasms
  5 giant cockroaches
  3 goblins
  7 hobgoblins
  6 jackals
  3 quokkas
  A frilled lizard (D:1)
  9 kobolds
  5 rats
122 creatures vanquished.

Vanquished Creatures (others)
  2 withered plants (D:6)
2 creatures vanquished.

Grand Total: 124 creatures vanquished

Notes
Turn   | Place    | Note
-------+----------+-------------------------------------------
     0 | D:1      | experimilk the Draconian Conjurer began the quest for the
                  | Orb.
     0 | D:1      | Reached XP level 1. HP: 14/14 MP: 3/3
   381 | D:1      | Reached XP level 2. HP: 20/20 MP: 3/5
  1131 | D:1      | Learned a level 2 spell: Searing Ray
  1398 | D:2      | Reached skill level 5 in Conjurations
  1398 | D:2      | Reached XP level 3. HP: 26/26 MP: 0/6
  1839 | D:2      | Identified the +0 leather armour of Fashionability {-Cast
                  | rElec Will++ Dex+3}
  2008 | D:2      | Found a white marble altar of Elyvilon.
  2553 | D:3      | Noticed Manisia's ghost (amateur TeWn)
  2587 | D:3      | Reached XP level 4. HP: 33/33 MP: 4/7
  2592 | D:3      | Learned a level 4 spell: Iskenderun's Mystic Blast
  2803 | D:3      | Found a bloodstained altar of Trog.
  2917 | D:3      | Found a transporter.
  2921 | D:3      | Found a transporter.
  3247 | D:3      | Found an iron altar of Okawaru.
  3266 | D:3      | Reached skill level 6 in Conjurations
  3872 | D:4      | Noticed an ogre
  3932 | D:4      | Reached XP level 5. HP: 38/38 MP: 4/8
  4361 | D:4      | Reached skill level 7 in Conjurations
  4942 | D:4      | Reached XP level 6. HP: 36/45 MP: 1/9
  5341 | D:4      | Identified a scroll of acquirement
  5342 | D:4      | Acquired the ring "Teqoun" {Wiz +Blink rPois rC+ Dex+2}
  5434 | D:5      | Entered Level 5 of the Dungeon
  5492 | D:5      | Reached skill level 8 in Conjurations
  5558 | D:5      | Found a staircase to the Ecumenical Temple.
  5568 | Temple   | Entered the Ecumenical Temple
  5568 | Temple   | Found a transporter.
  5568 | Temple   | Found a transporter.
  5570 | Temple   | Found a transporter.
  5570 | Temple   | Found a transporter.
  5600 | Temple   | Became a worshipper of Hepliaklqana the Forgotten
  5799 | D:5      | Noticed a water moccasin
  6071 | D:5      | Killed a water moccasin
  6072 | D:5      | Your scales start taking on a glossy black colour.
  6072 | D:5      | Reached XP level 7. HP: 46/50 MP: 10/10
  6072 | D:5      | Gained mutation: You are resistant to electric shocks.
                  | (rElec) [Black Draconian growth]
  6264 | D:5      | Noticed Prince Ribbit
  6280 | D:5      | Killed Prince Ribbit
  6281 | D:5      | Reached skill level 9 in Conjurations
  7045 | D:6      | Reached skill level 10 in Conjurations
  7101 | D:6      | Reached XP level 8. HP: 57/57 MP: 6/11
  7855 | D:6      | Acquired 1102 gold pieces
  8563 | D:7      | Found a glowing silver altar of Zin.
  8566 | D:7      | Noticed a troll
  8574 | D:7      | Killed a troll
  8575 | D:7      | Reached skill level 11 in Conjurations
  8695 | D:7      | Reached * piety under Hepliaklqana
  8705 | D:7      | Found a sparkling altar of Nemelex Xobeh.
  8809 | D:7      | HP: 2/57 [orc wizard/+2 dagger of speed (1)]
  8812 | D:7      | Slain by an orc warrior

Illustrated notes

Levels and vault maps discovered:
D:1:      dpeg_arrival_chambers_temple_mockup, layout_basic
D:2:      layout_loops_ring, basic_altar
D:3:      layout_basic, trog_book, okawaru_metal_pillars_3,
          gammafunk_ghost_arena
D:4:      layout_basic, serial_demonic, serial_demonic_e, serial_demonic_b,
          serial_demonic_c, serial_demonic_c, kennysheep_cross_bottleneck
D:5:      layout_loops_ring, minmay_temple_entry_tees, nicolae_sextant,
          uniq_prince_ribbit1
D:6:      layout_loops_ring, serial_undead, serial_undead_e, serial_undead_c,
          serial_undead_e, serial_undead_b
D:7:      layout_basic, mainiacjoe_overflow_two_lobes
Temple:   hellmonk_temple_divided_pantheon

Skill      XL: |  1  2  3  4  5  6  7  8 |
---------------+-------------------------+-----
Conjurations   | 5 6 7 8 10 11 | 11.0
Spellcasting   | 4 |  4.5
Dodging        | |  1.7
Stealth        | |  1.7

Action                   |  1- 3 |  4- 6 |  7- 9 || total
-------------------------+-------+-------+-------++-------
Melee: Dagger            |    17 |    13 |       ||    30
       Trident           |       |    19 |     3 ||    22
       Tailslap          |       |     1 |       ||     1
 Cast: Magic Dart        |    62 |    49 |    56 ||   167
       Searing Ray       |     8 |    25 |    31 ||    64
       Iskenderun's Myst |       |     2 |     4 ||     6
  Use: Scroll            |     6 |     9 |     3 ||    18
       Potion            |       |       |     4 ||     4
Armor: Skin              |     5 |    24 |    30 ||    59
Dodge: Dodged            |     9 |    39 |    38 ||    86

Table legend: (Time is in decaauts)
 A = Elapsed time spent in this place.
 B = Non-inter-level travel time spent in this place.
 C = Inter-level travel time spent in this place.
 D = Time resting spent in this place.
 E = Time spent auto-exploring this place.
 F = Levels seen in this place.
 G = Mean time per level.
                   A        B        C        D        E       F      G
               +--------+--------+--------+--------+--------+-----+--------+
         Total |   8815 |   8499 |    316 |   2531 |   4991 |   8 | 1101.9 |
       Dungeon |   8759 |   8443 |    316 |   2531 |   4985 |   7 | 1251.3 |
        Temple |     56 |     56 |      0 |      0 |      6 |   1 |   56.0 |
               +--------+--------+--------+--------+--------+-----+--------+

Top non-repeatable levels by time:
     D:4: 1548 daAuts
     D:5: 1546 daAuts
     D:3: 1535 daAuts
     D:6: 1432 daAuts
     D:1: 1180 daAuts
     D:2: 1172 daAuts
     D:7: 343 daAuts
  Temple: 56 daAuts
